 Dungeon Crawl Stone Soup version 0.28-a0-1344-g6b9ff3a05d (webtiles) character file.

Game seed: 12377942090183657133

15 Cheeritup the Grave Robber (level 2, -1/15 HPs)
             Began as a Deep Elf Necromancer on Dec 28, 2021.
             Slain by an adder (2 damage)
             ... on level 2 of the Dungeon on Dec 29, 2021.
             The game lasted 00:02:45 (1253 turns).

Cheeritup the Grave Robber (Deep Elf Necromancer)   Turns: 1253, Time: 00:02:46

Health: -1/15      AC:  3    Str:  5    XL:     2   Next: 34%
Magic:  2/8        EV: 12    Int: 19    God:
Gold:   78         SH:  0    Dex: 15    Spells: 5/7 levels left

rFire   . . .      SeeInvis .   e - +0 short sword
rCold   . . .      Faith    .   (no shield)
rNeg    . . .      Spirit   .   a - +0 robe
rPois   .          Reflect  .   (no helmet)
rElec   .          Harm     .   (no cloak)
rCorr   .          Rampage  .   i - +0 pair of gloves
Will    .....                   (no boots)
Stlth   ++........              (no amulet)
HPRegen 0.05/turn               (no ring)
MPRegen 0.11/turn               (no ring)

@: lethally poisoned (-1 -> -5)
A: no striking features
a: no special abilities


You were on level 2 of the Dungeon.
You visited 1 branch of the dungeon, and saw 2 of its levels.

You collected 78 gold pieces.

Inventory:

Hand Weapons
 e - a +0 short sword (weapon)
Armour
 a - a +0 robe (worn)
 i - a +0 pair of gloves (worn)
Scrolls
 c - 3 scrolls of identify
 d - a scroll of amnesia {unknown}
 g - a scroll of fear {unknown}
 j - a scroll of enchant weapon {unknown}
Potions
 b - a potion of ambrosia
 f - a potion of mutation {unknown}
 h - a potion of heal wounds {unknown}
 k - 2 potions of brilliance {unknown}


   Skills:
 - Level 2.4 Dodging
 + Level 2.8 Stealth
 + Level 3.3 Spellcasting
 * Level 5.2 Necromancy


You had 5 spell levels left.
You knew the following spells:

 Your Spells              Type           Power      Damage    Failure   Level
a - Pain                  Necr           92%        1d8       1%          1
b - Animate Skeleton      Necr           46%        N/A       1%          1

Your spell library contained the following spells:

 Spells                   Type           Power      Damage    Failure   Level
 Sublimation of Blood     Necr           23%        N/A       2%          2
 Vampiric Draining        Necr           23%        2d7       4%          3
 Animate Dead             Necr           11%        N/A       17%         4
 Wereblood                Tmut           3%         N/A       22%         2
 Agony                    Necr           23%        N/A       43%         5
 Summon Hydra             Summ           1%         N/A       100%        7


Dungeon Overview and Level Annotations

Branches:
Dungeon (2/15)

Altars:


Message History

You see here a +0 club.
Found a stone staircase leading down.
There is a stone staircase leading down here.
There is a stone staircase leading down here.
You see here a +0 club.
A giant cockroach comes into view.
The giant cockroach writhes in agony.
The giant cockroach writhes in agony.
You kill the giant cockroach!
You can't see any susceptible monsters within range! (Use Z to cast anyway.)
A bat comes into view.
A bat is nearby!
An adder comes into view.
The bat writhes in agony.
The bat hits you but does no damage.
The bat writhes in agony.
The adder hisses angrily.
The bat barely misses you.
The bat writhes in agony!
You kill the bat!
The adder barely resists.
The adder writhes in agony.
The adder writhes in agony.
The adder barely resists.
The adder bites you.
You are lethally poisoned!
The adder poisons you! The adder bites you.
* * * LOW HITPOINT WARNING * * *
You are too injured to fight recklessly!
You are too injured to fight recklessly!
You are too injured to fight recklessly!
You are too injured to fight recklessly!
You are too injured to fight recklessly!
* * * LOW HITPOINT WARNING * * *
You feel sick.
You are too injured to fight recklessly!
As you read the scroll labelled YMYILU VELAY, it crumbles to dust.
It is a scroll of identify.
b - a potion of ambrosia
* * * LOW HITPOINT WARNING * * *
You feel sick. The adder bites you.
You die...

.# ##'## ...# .# #.# #.#
#..# .# #.# #.# ... .#
##.## #.# ..#.
.#########...## #.# # .#
.##...........# #.# .#
.##.####.#...## #.##..##.
...>...#.##.#####........
###.##......)...@S†..#
#.####.##.########## #.#
#.##.# #.####.##.#
#......##.# #########.#
#.# #.#


You could see an adder.

Vanquished Creatures
  A worm (D:2)
  2 ball pythons (D:1)
  An endoplasm (D:1)
  A giant cockroach (D:2)
  A hobgoblin (D:2)
  A quokka (D:1)
  3 bats
  A frilled lizard (D:1)
  A kobold (D:1)
12 creatures vanquished.

Notes
Turn   | Place    | Note
-------+----------+-------------------------------------------
     0 | D:1      | Cheeritup the Deep Elf Necromancer began the quest for the
                  | Orb.
     0 | D:1      | Reached XP level 1. HP: 10/10 MP: 6/6
   186 | D:1      | Reached skill level 5 in Necromancy
   284 | D:1      | You fall into a shaft and drop 1 floor!
   556 | D:1      | Found a faded altar of an unknown god.
   747 | D:2      | Learned a level 1 spell: Animate Skeleton
   831 | D:2      | Reached XP level 2. HP: 13/15 MP: 5/8
  1253 | D:2      | Slain by an adder

Illustrated notes

Levels and vault maps discovered:
D:1:      eino_arrival_cavern_e, layout_rooms,
          dreamdust_ecumenical_altar_angels_and_demons, supply_closet_lemuel
D:2:      layout_loops_corners

Skill      XL: |  1 |
---------------+----+-----
Necromancy     | 5 |  5.2
Dodging        | |  2.4
Stealth        | |  2.8
Spellcasting   | |  3.3

Action                   || total
-------------------------++-------
 Cast: Pain              ||    26
  Use: Scroll            ||     1
Armor: Robe              ||     1
Dodge: Dodged            ||     1

Table legend: (Time is in decaauts)
 A = Elapsed time spent in this place.
 B = Non-inter-level travel time spent in this place.
 C = Inter-level travel time spent in this place.
 D = Time resting spent in this place.
 E = Time spent auto-exploring this place.
 F = Levels seen in this place.
 G = Mean time per level.
                   A        B        C        D        E       F      G
               +--------+--------+--------+--------+--------+-----+--------+
         Total |   1253 |   1239 |     14 |    142 |    948 |   2 |  626.5 |
       Dungeon |   1253 |   1239 |     14 |    142 |    948 |   2 |  626.5 |
               +--------+--------+--------+--------+--------+-----+--------+

Top non-repeatable levels by time:
     D:1: 705 daAuts
     D:2: 548 daAuts
